 Dungeon Crawl Stone Soup version 0.27.0-1-g7a089689b8 (webtiles) character file.

Game seed: 3785135064855640440

30 sakkuzi the Chopper (level 3, -1/33 HPs)
             Began as a Minotaur Berserker on Aug 10, 2021.
             Was a Follower of Trog.
             Slain by a gnoll (7 damage)
             ... on level 2 of the Dungeon.
             The game lasted 00:04:50 (1281 turns).

sakkuzi the Chopper (Minotaur Berserker)            Turns: 1281, Time: 00:04:51

Health: -1/33      AC:  2    Str: 21    XL:     3   Next: 3%
Magic:  2/2        EV: 12    Int:  4    God:    Trog [*.....]
Gold:   68         SH:  0    Dex: 10    Spells: 2/2 levels left

rFire    . . .     SeeInvis .   a - +0 hand axe
rCold    . . .     Faith    .   (no shield)
rNeg     . . .     Spirit   .   b - +0 animal skin
rPois    .         Reflect  .   (helmet restricted)
rElec    .         Harm     .   (no cloak)
rCorr    .         Rampage  .   (no gloves)
Will     ++...                  (no boots)
Stlth    +.........             e - amulet of regeneration
HPRegen  2.11/turn              (no ring)
MPRegen  0.08/turn              (no ring)

@: strong-willed, regenerating
A: horns 2, retaliatory headbutt
a: Renounce Religion, Berserk


You were on level 2 of the Dungeon.
You worshipped Trog.
Trog was aware of your devotion.
You visited 1 branch of the dungeon, and saw 2 of its levels.

You collected 68 gold pieces.

Inventory:

Hand Weapons
 a - a +0 hand axe (weapon)
Armour
 b - a +0 animal skin (worn)
Jewellery
 e - an amulet of regeneration (around neck)
   (You found it on level 2 of the Dungeon)


   Skills:
 + Level 4.0 Fighting
 * Level 4.3 Axes
 + Level 2.8 Armour
 + Level 2.5 Dodging


You had 2 spell levels left.
You didn't know any spells.
Your spell library was empty.

Dungeon Overview and Level Annotations

Branches:
Dungeon (2/15)

Altars:
Yredelemnul


Innate Abilities, Weirdness & Mutations

You have a pair of horns on your head.
You reflexively headbutt those who attack you in melee.


Message History

Found an escape hatch in the ceiling.
Found a fizzy black potion.
You hit the endoplasm. The endoplasm hits you.
You hit the endoplasm. You headbutt the endoplasm.
You kill the endoplasm!
Trog accepts your kill.
c - a scroll labelled JEICAPR CELORA
As you read the scroll labelled JEICAPR CELORA, it crumbles to dust.
You assume a fearsome visage.
Nothing appears to happen.
It was a scroll of fear.
You now have 68 gold pieces (gained 9).
A gnoll comes into view. It is wielding a +0 spear.
Found 5 gold pieces.
The gnoll shouts!
A gnoll comes into view. It is wielding a +0 flail.
The gnoll shouts!
Found a stone staircase leading up.
A gnoll comes into view. It is wielding a +0 spear.
The gnoll barely misses you.
The gnoll shouts!
The gnoll hits you from afar with a +0 spear.
The gnoll misses you.
The gnoll hits you from afar with a +0 spear!
The gnoll hits you from afar with a +0 spear.
You hit the gnoll. The gnoll hits you with a +0 flail.
* * * LOW HITPOINT WARNING * * *
The gnoll hits you but does no damage.
The gnoll hits you from afar with a +0 spear.
* * * LOW HITPOINT WARNING * * *
The gnoll throws a throwing net.
The throwing net hits you.
You become entangled in the net!
You see here a throwing net {!f}.
You tear a large gash into the net.
You struggle against the net.
You shred the net and break free! The gnoll hits you but does no damage.
The gnoll hits you with a +0 flail!
* * * LOW HITPOINT WARNING * * *
The gnoll barely misses you.
The gnoll hits you from afar with a +0 spear.
* * * LOW HITPOINT WARNING * * *
Your skin crawls.
You feel strong-willed.
You can no longer call upon Trog for regeneration and willpower.
The gnoll closely misses you.
You closely miss the gnoll.
The gnoll hits you from afar with a +0 spear.
* * * LOW HITPOINT WARNING * * *
The gnoll barely misses you.
The gnoll hits you from afar with a +0 spear!
You die...

#..........### ##
######..........<.##...
...!...............$.<.
#.......>.........
#.................
#.................
####.##....!...... #
####g.g...##...##...
.#..#########...@.g#########
. ...............#####
###.###..####..#
##..#.<.####.##
#.....#......#
..#....##.#...##
####..#.###..#
#.............
#.####..####.#


You could see 3 gnolls.

Vanquished Creatures
  3 dart slugs
  A ball python (D:1)
  3 bats (D:1)
  3 endoplasms
  5 jackals (D:1)
  2 kobolds (D:1)
  2 frilled lizards (D:1)
  3 rats
22 creatures vanquished.

Notes
Turn   | Place    | Note
-------+----------+-------------------------------------------
     0 | D:1      | sakkuzi the Minotaur Berserker began the quest for the Orb.
     0 | D:1      | Reached XP level 1. HP: 19/19 MP: 0/0
   338 | D:1      | Reached XP level 2. HP: 27/27 MP: 1/1
   828 | D:1      | Reached ** piety under Trog
  1155 | D:2      | Found a basalt altar of Yredelemnul.
  1219 | D:2      | Reached XP level 3. HP: 33/33 MP: 2/2
  1281 | D:2      | Slain by a gnoll

Illustrated notes

Levels and vault maps discovered:
D:1:      nicolae_arrival_washed_ashore, layout_loops_ring
D:2:      layout_rooms, basic_altar, minmay_crystal_water

Skill      XL: |  1  2 |
---------------+-------+-----
Axes           | 4 |  4.3
Fighting       | 4 |  4.0
Armour         | |  2.8
Dodging        | |  2.5

Action                   || total
-------------------------++-------
Melee: Hand axe          ||    51
       Headbutt          ||     7
Invok: Trog's Hand       ||     1
  Use: Scroll            ||     4
Armor: Animal skin       ||    10
Dodge: Dodged            ||    43
